 Dungeon Crawl Stone Soup version 0.29-a0-275-g389c0b56f3 (webtiles) character file.

Game seed: 17253626129927071057

224 GordonOverkill the Archer (level 5, -4/18 (30) HPs)
             Began as a Deep Elf Hunter on Mar 10, 2022.
             Slain by a yak (9 damage)
             ... on level 4 of the Dungeon.
             The game lasted 00:06:51 (3495 turns).

GordonOverkill the Archer (Deep Elf Hunter)         Turns: 3495, Time: 00:06:52

HP:   -4/18 (30)    AC: 11    Str: 14    XL:     5   Next: 67%
MP:   7/7           EV: 11    Int: 18    God:
Gold: 48            SH:  0    Dex: 15    Spells: 4/4 levels left

rFire   . . .      SeeInvis .   a - +1 shortbow
rCold   . . .      Faith    .   (shield currently unavailable)
rNeg    . . .      Spirit   .   r - +0 ring mail
rPois   .          Reflect  .   (no helmet)
rElec   .          Harm     .   f - +2 cloak
rCorr   .          Rampage  .   b - +2 pair of gloves of Vacaplij {+Inv Str+3}
Will    .....                   (no boots)
Stlth   +.........              (no amulet)
HPRegen 0.06/turn               (no ring)
MPRegen 0.10/turn               (no ring)

@: very heavily drained
A: clever 1, mutation resistance 1, MP-powered wands
a: Evoke Invisibility


You were on level 4 of the Dungeon.
You visited 1 branch of the dungeon, and saw 4 of its levels.

You collected 178 gold pieces.
You spent 130 gold pieces at shops.

Inventory:

Hand Weapons
 a - a +1 shortbow (weapon)
Armour
 b - the +2 pair of gloves of Vacaplij (worn) {+Inv Str+3}
   (You acquired it on level 4 of the Dungeon)

   Str:       It affects your strength (+3).
   +Inv:      It lets you turn invisible.
 f - a +2 cloak (worn)
 r - a +0 ring mail (worn)
Jewellery
 j - an amulet of faith
Scrolls
 c - a scroll of immolation
 d - a scroll of blinking
 e - a scroll of fog
 l - 2 scrolls of enchant armour
 m - a scroll of fear
 n - a scroll of teleportation {unknown}
 o - 2 scrolls of identify
 q - a scroll of silence {unknown}
Potions
 g - a potion of magic
 h - 2 potions of mutation
 i - 3 potions of heal wounds
 k - a potion of ambrosia {unknown}
 p - a potion of brilliance
 s - a potion of curing


   Skills:
 + Level 2.1 Fighting
 + Level 8.6 Bows
 - Level 2.4 Dodging
 - Level 1.2 Stealth
 + Level 1.5 Evocations


You had 4 spell levels left.
You didn't know any spells.
Your spell library contained the following spells:

 Spells                   Type           Power      Damage    Failure   Level
 Corpse Rot               Necr/Air       0%         N/A       56%         2
 Poisonous Vapours        Pois/Air       0%         N/A       56%         2


Dungeon Overview and Level Annotations

Branches:
Dungeon (4/15)
 Temple: D:4-7

Altars:
Dithmenos

Shops:
D:4 !(

Annotations:
D:4 1 runed translucent door, Veteran's ghost, amateur DECj


Innate Abilities, Weirdness & Mutations

Your mind is acute. (Int +2)
You are somewhat resistant to further mutation.
You expend magic power (3 MP) to strengthen your wands.


Message History

A mysterious force pulls you upwards. The hatch slams shut behind you.
Things that are here:
a +0 robe; a +0 dagger
There is a stone staircase leading down here.
You climb downwards.
Level annotation: 1 runed translucent door, Veteran's ghost, amateur DECj
There is a stone staircase leading up here.
You climb upwards.
There is a stone staircase leading down here.
There is a stone staircase leading down here.
You climb downwards.
Level annotation: 1 runed translucent door, Veteran's ghost, amateur DECj
There is a stone staircase leading up here.
You climb upwards.
There is a stone staircase leading down here.
Things that are here:
a +0 hand axe; an orc skeleton
There is a stone staircase leading down here.
You climb downwards.
Level annotation: 1 runed translucent door, Veteran's ghost, amateur DECj The endoplasm misses you.
The endoplasm barely misses you.
There is a stone staircase leading up here.
You shoot an arrow. The arrow hits the endoplasm.
The endoplasm is heavily wounded.
The endoplasm freezes you.
You are frozen.
You shoot an arrow. The arrow hits the endoplasm.
You kill the endoplasm!
You shoot an arrow. The arrow hits the yak.
The yak is lightly wounded.
The yak gores you but does no damage.
You shoot an arrow. The arrow barely misses the yak.
The yak closely misses you.
Okay, then.
The yak attacks as you move away! The yak gores you.
The yak attacks as you move away! The yak gores you!
* * * LOW HITPOINT WARNING * * *
The yak attacks as you move away! The yak gores you!
Ouch! That really hurt!
You die...

... ... ... # #.# .#
########.# ##.###
#........# .....#
#........##.....#
#........Y@....#
#..^....###.#.##
#.......# ..##
.##.......# .#.#
.......<..## ....#
..##.....#.####.#.#
#.
........#(#.###.###
#.
...#......##.##.#####
#. ..
#.##.#...........###
#.


You could see a yak.

Vanquished Creatures
  A hound (D:3)
  An orc priest (D:4)
  A jelly (D:4)
  An orc wizard (D:3)
  A gnoll (D:1)
  2 adders
  4 worms
  2 dart slugs
  7 orcs
  3 endoplasms
  5 giant cockroaches (D:1)
  3 goblins
  5 hobgoblins
  2 jackals (D:1)
  3 quokkas
  5 ball pythons
  5 bats
  2 frilled lizards (D:2)
  7 kobolds
  4 rats
64 creatures vanquished.

Vanquished Creatures (others)
  3 plants (D:3)
3 creatures vanquished.

Grand Total: 67 creatures vanquished

Notes
Turn   | Place    | Note
-------+----------+-------------------------------------------
     0 | D:1      | GordonOverkill the Deep Elf Hunter began the quest for the
                  | Orb.
     0 | D:1      | Reached XP level 1. HP: 12/12 MP: 3/3
   141 | D:1      | Reached XP level 2. HP: 16/16 MP: 4/4
   142 | D:1      | Reached skill level 6 in Bows
   379 | D:1      | Reached XP level 3. HP: 19/20 MP: 5/5
  1473 | D:2      | Reached skill level 7 in Bows
  1835 | D:2      | Reached XP level 4. HP: 25/25 MP: 6/6
  2164 | D:3      | Reached skill level 8 in Bows
  2421 | D:3      | Found a shadowy altar of Dithmenos.
  2531 | D:3      | Gained mutation: Your mind is acute. (Int +2) [potion of
                  | mutation]
  2531 | D:3      | Gained mutation: You are somewhat resistant to further
                  | mutation. [potion of mutation]
  2531 | D:3      | Gained mutation: You expend magic power (3 MP) to
                  | strengthen your wands. [potion of mutation]
  2735 | D:4      | Identified a scroll of acquirement
  2736 | D:4      | Acquired the +2 pair of gloves of Vacaplij {+Inv Str+3}
  2746 | D:3      | Reached XP level 5. HP: 30/30 MP: 7/7
  3157 | D:4      | Found Guv Qokh's Distillery.
  3165 | D:4      | Bought a potion of curing for 30 gold pieces
  3165 | D:4      | Bought a potion of heal wounds for 50 gold pieces
  3165 | D:4      | Bought a potion of heal wounds for 50 gold pieces
  3241 | D:4      | Reached skill level 1 in Evocations
  3259 | D:4      | Found Geepryut's Antique Weapon Shop.
  3268 | D:4      | Found a runed translucent door.
  3271 | D:4      | Noticed Veteran's ghost (amateur DECj)
  3316 | D:4      | Noticed a yak
  3495 | D:4      | Slain by a yak

Illustrated notes

Levels and vault maps discovered:
D:1:      dpeg_arrival_boxorama, layout_basic
D:2:      layout_loops_ring
D:3:      layout_basic, lemuel_tele_altar, serial_bayou_lake_a
D:4:      minmay_door_path, layout_loops_cross, ebering_ghost_sewer_f,
          serial_shops, nicolae_inconvenience_store, nicolae_stop_n_shop_1,
          shop, kennysheep_generic_room_16, uniq_blork_the_orc

Skill      XL: |  1  2  3  4  5 |
---------------+----------------+-----
Bows           | 6 7 8 |  8.6
Evocations     | 1 |  1.5
Fighting       | 2 |  2.1
Dodging        | |  2.4
Stealth        | |  1.2

Action                   |  1- 3 |  4- 6 || total
-------------------------+-------+-------++-------
 Fire: Shortbow          |    89 |    75 ||   164
  Use: Scroll            |       |     7 ||     7
       Potion            |       |     4 ||     4
Armor: Leather armour    |    11 |       ||    11
       Ring mail         |       |    46 ||    46
Dodge: Dodged            |    18 |    62 ||    80

Table legend: (Time is in decaauts)
 A = Elapsed time spent in this place.
 B = Non-inter-level travel time spent in this place.
 C = Inter-level travel time spent in this place.
 D = Time resting spent in this place.
 E = Time spent auto-exploring this place.
 F = Levels seen in this place.
 G = Mean time per level.
                   A        B        C        D        E       F      G
               +--------+--------+--------+--------+--------+-----+--------+
         Total |   3555 |   3204 |    351 |    252 |   2377 |   4 |  888.8 |
       Dungeon |   3555 |   3204 |    351 |    252 |   2377 |   4 |  888.8 |
               +--------+--------+--------+--------+--------+-----+--------+

Top non-repeatable levels by time:
     D:1: 1293 daAuts
     D:3: 1081 daAuts
     D:2: 734 daAuts
     D:4: 446 daAuts
